 Dungeon Crawl Stone Soup version 0.21.0-3-g78d12a8 (console) character file.

395 hilaritas the Chopper (level 7, 0/54 HPs)
             Began as a Formicid Fighter on Jan 13, 2018.
             Slain by an ogre
             ... wielding a +0 giant spiked club
              (22 damage)
             ... on level 4 of the Dungeon.
             The game lasted 00:08:37 (3563 turns).

hilaritas the Chopper (Formicid Fighter)            Turns: 3563, Time: 00:08:38

Health: 0/54       AC:  8    Str: 23    XL:     7   Next: 9%
Magic:  7/7        EV:  8    Int:  7    God:
Gold:   126        SH: 10    Dex: 10    Spells: 6/6 levels left

rFire    . . .     SeeInvis +   a - +1 war axe
rCold    . . .     Gourm    .   c - +0 shield
rNeg     . . .     Faith    .   b - +0 scale mail
rPois    .         Spirit   .   (helmet unavailable)
rElec    .         Reflect  .   r - +0 cloak
rCorr    .         Harm     .   (no gloves)
MR       .....                  (no boots)
Stlth    ..........             (no amulet)
HPRegen  0.18/turn              (no ring)
MPRegen  0.10/turn              (no ring)

@: no status effects
A: permanent stasis, dig shafts and tunnels, four strong arms, antennae 3
a: Dig, Shaft Self


You were on level 4 of the Dungeon.
You were not hungry.

You visited 1 branch of the dungeon, and saw 4 of its levels.

You collected 126 gold pieces.

Inventory:

Hand Weapons
 a - a +1 war axe (weapon)
 p - a +0 mace
Missiles
 l - 2 tomahawks (quivered)
Armour
 b - a +0 scale mail (worn)
 c - a +0 shield (worn)
 r - a +0 cloak (worn)
Wands
 i - a wand of clouds (5)
Scrolls
 g - 2 scrolls of fog
 j - 2 scrolls of remove curse
 n - a scroll of enchant weapon
Potions
 d - a potion of might
 e - a potion of brilliance
 h - a potion of heal wounds
 k - 2 potions of lignification
 m - a potion of curing {unknown}
 o - a potion of ambrosia {unknown}
 q - a potion of magic {unknown}
Comestibles
 f - 7 rations
 s - a chunk of flesh


   Skills:
 + Level 4.2 Fighting
 * Level 6.0 Axes
 - Level 3.2 Armour
 + Level 4.8 Shields


You had 6 spell levels left.
You didn't know any spells.

Dungeon Overview and Level Annotations

Branches:
Dungeon (4/15)
 Temple: D:4-7

Altars:
Wu Jian
The Shining One


Innate Abilities, Weirdness & Mutations

You cannot be hasted, slowed, berserked, paralysed or teleported.
You can dig through walls and to a lower floor.
Your four strong arms can wield two-handed weapons with a shield.
You have a pair of large antennae on your head. (SInv)


Message History

You throw a tomahawk. The tomahawk hits the ogre!
The ogre is moderately wounded.
Throwing (i - inventory):
l - 3 tomahawks (quivered)
Press: ? - help, Shift-Dir - straight line, f/p - ogre
Aim: an ogre, wielding a giant spiked club (moderately wounded)
You throw a tomahawk. The tomahawk hits the ogre.
The ogre is moderately wounded.
You hit the ogre.
The ogre is heavily wounded.
The ogre hits you with a giant spiked club!!
You barely miss the ogre.
The ogre is moderately wounded.
The ogre hits you with a giant spiked club!
You hit the ogre.
The ogre is heavily wounded.
You block the ogre's attack.
You hit the ogre but do no damage.
The ogre is heavily wounded.
The ogre hits you with a giant spiked club!!
You die...

#. ### #.. ..#
#.# #######.##
#.# #.[......###
#.# ##.###......
#.###...##.#..#
##.##.###.#.#..#
# #.....#
#......# #
#.@##.#
#.####.####
.....$.O......##
#....#
######.(#######
####.# .#.# ##.#
.###( ##.#. ## .
..# ##.### #
#.###.## #
#.##.## #.###.##
# #.# #..### #.#
#.#.#.


You could see an ogre.

Vanquished Creatures
  A howler monkey (D:4)
  2 orc priests (D:3)
  Crazy Yiuf (D:3)
  An orc wizard (D:3)
  A worker ant (D:2)
  8 gnolls
  4 adders
  An ooze (D:3)
  3 worms
  4 dart slugs
  2 leopard geckos
  7 orcs (D:3)
  2 giant cockroaches
  8 goblins
  10 hobgoblins
  4 jackals (D:1)
  5 kobolds
  2 quokkas (D:2)
  4 bats
  5 frilled lizards
  8 rats
83 creatures vanquished.

Notes
Turn   | Place    | Note
-------+----------+-------------------------------------------
     0 | D:1      | hilaritas the Formicid Fighter began the quest for the Orb.
     0 | D:1      | Reached XP level 1. HP: 18/18 MP: 1/1
   299 | D:1      | Reached XP level 2. HP: 24/24 MP: 2/2
   721 | D:1      | Reached XP level 3. HP: 29/29 MP: 3/3
  1148 | D:2      | Reached skill level 3 in Axes
  1154 | D:2      | Reached XP level 4. HP: 37/37 MP: 4/4
  1195 | D:2      | Reached skill level 4 in Axes
  1195 | D:2      | Reached XP level 5. HP: 32/42 MP: 5/5
  1901 | D:3      | Found a glowing golden altar of the Shining One.
  1913 | D:3      | Reached XP level 6. HP: 37/48 MP: 6/6
  2129 | D:3      | Reached skill level 5 in Axes
  2476 | D:3      | Found a runed door.
  2851 | D:3      | HP: 4/48 [orc/whip (1)]
  3143 | D:3      | Found an ornate altar of the Wu Jian Council.
  3204 | D:3      | Noticed Crazy Yiuf
  3211 | D:3      | Killed Crazy Yiuf
  3479 | D:4      | Reached skill level 6 in Axes
  3479 | D:4      | Reached XP level 7. HP: 54/54 MP: 7/7
  3563 | D:4      | Slain by an ogre

Skill      XL: |  1  2  3  4  5  6 |
---------------+-------------------+-----
Shields        | 4 |  4.8
Axes           | 3 4 6 |  6.0
Fighting       | 4 |  4.2
Armour         | |  3.2

Action                   |  1- 3 |  4- 6 |  7- 9 || total
-------------------------+-------+-------+-------++-------
Melee: War axe           |   104 |   153 |     7 ||   264
Throw: Tomahawk          |       |       |     2 ||     2
  Use: Scroll            |     3 |     5 |       ||     8
  Eat: Chunk             |     1 |     7 |     1 ||     9
Armor: Scale mail        |    40 |    36 |       ||    76
Dodge: Dodged            |    31 |    65 |     3 ||    99
Block: Shield            |    60 |    80 |     1 ||   141
